 Dungeon Crawl Stone Soup version 0.29.1-15-g9cfb28693d (webtiles) character file.

Game seed: 13389851873612734202

2387 LLlMATKO the Cleaver (level 9, 0/81 HPs)
             Began as a Minotaur Berserker on Apr 9, 2023.
             Was a Priest of Trog.
             Hit by a javelin thrown by a centaur (4 damage)
             ... in a bailey.
             The game lasted 00:08:54 (6422 turns).

LLlMATKO the Cleaver (Minotaur Berserker)           Turns: 6422, Time: 00:08:55

Health: 0/81       AC: 17    Str: 26    XL:     9   Next: 22%
Magic:  8/8        EV: 10    Int: 10    God:    Trog [***...]
Gold:   519        SH:  0    Dex: 10    Spells: 8/8 levels left

rFire   . . .      SeeInvis .   K - +3 halberd
rCold   . . .      Faith    .   (shield currently unavailable)
rNeg    . . .      Spirit   .   v - +0 chain mail
rPois   +          Reflect  .   q - +1 hat
rElec   .          Harm     .   t - +0 cloak
rCorr   .          Rampage  .   u - +2 pair of gloves
Will    .....                   w - +0 pair of boots
Stlth   ..........              (no amulet)
HPRegen 0.23/turn               g - ring of poison resistance
MPRegen 0.11/turn               B - +6 ring of intelligence

@: no status effects
A: horns 2, retaliatory headbutt
a: Renounce Religion, Berserk, Trog's Hand


You were in a bailey.
You worshipped Trog.
Trog was most pleased with you.
You visited 1 branch of the dungeon, and saw 7 of its levels.
You also visited: Ossuary and Bailey.

You collected 519 gold pieces.

Inventory:

Hand Weapons
 a - a +0 hand axe of electrocution
 h - a +2 whip of freezing
 K - a +3 halberd (weapon)
Missiles
 x - 3 poisoned darts (quivered)
Armour
 q - a +1 hat (worn)
 t - a +0 cloak (worn)
 u - a +2 pair of gloves (worn)
 v - a +0 chain mail (worn)
 w - a +0 pair of boots (worn)
Jewellery
 g - a ring of poison resistance (left hand)
 B - a +6 ring of intelligence (right hand)
Wands
 s - a wand of roots (5)
 D - a wand of flame (7)
 F - a wand of digging (4)
Scrolls
 c - 7 scrolls of teleportation
 d - 7 scrolls of identify
 e - a scroll of brand weapon
 f - a scroll of enchant weapon {unknown}
 i - a scroll of silence {unknown}
 l - a scroll of fear {unknown}
 n - a scroll of torment {unknown}
 y - 3 scrolls of enchant armour {unknown}
 E - 2 scrolls of blinking {unknown}
 G - a scroll of acquirement {unknown}
 I - a scroll of amnesia {unknown}
 J - a scroll of fog {unknown}
Potions
 b - 2 potions of ambrosia {unknown}
 j - 3 potions of magic
 k - 8 potions of curing {unknown}
 m - 2 potions of attraction {unknown}
 o - 2 potions of heal wounds {unknown}
 p - 3 potions of resistance {unknown}
 r - a potion of haste {unknown}
 z - 3 potions of mutation {unknown}
 A - 2 potions of might {unknown}
 C - 4 potions of flight {unknown}
 H - a potion of lignification {unknown}


   Skills:
 + Level 8.2 Fighting
 + Level 8.3 Axes
 + Level 7.8 Armour
 + Level 7.1 Dodging


You had 8 spell levels left.
You didn't know any spells.
Your spell library was empty.

Dungeon Overview and Level Annotations

Branches:
Dungeon (7/15)             Temple (0/1) D:7         Ossuary (visited)
 Bailey (1/1)

Altars:
Dithmenos
Makhleb
The Shining One
Lugonu

Shops:
D:1 [   D:5 ?   D:6 :

Portals:
Abyss: D:3


Innate Abilities, Weirdness & Mutations

You have a pair of horns on your head.
You reflexively headbutt those who attack you in melee.


Message History

The centaur throws a javelin.
The javelin pierces through you.
* * * LOW HITPOINT WARNING * * *
The centaur throws a javelin.
The javelin completely misses you.
The centaur throws a javelin.
The javelin pierces through you.
* * * LOW HITPOINT WARNING * * *
The centaur throws a javelin.
The javelin closely misses you.
Throw: 6 darts (poison)
Press: ? - help, Q - select action, (/) - cycle Shift-Dir - straight line, f/p - centaur
Aim: a centaur, wielding a +0 halberd, wearing a +0 ring mail and quivering javelins (moderately wounded, 75% to hit)
You throw a poisoned dart. The poisoned dart hits the centaur.
The centaur is moderately wounded.
The centaur shouts!
The centaur throws a javelin.
The javelin closely misses you.
Throw: 5 darts (poison)
Press: ? - help, Q - select action, (/) - cycle Shift-Dir - straight line, f/p - centaur
Aim: a centaur, wielding a +0 halberd, wearing a +0 ring mail and quivering javelins (moderately wounded, 75% to hit)
You throw a poisoned dart.
The poisoned dart completely misses the centaur.
The centaur throws a javelin.
The javelin pierces through you.
* * * LOW HITPOINT WARNING * * *
The orc shouts!
The centaur throws a javelin.
The javelin pierces through you but does no damage.
The centaur throws a javelin.
The javelin pierces through you but does no damage.
The centaur throws a javelin.
The javelin pierces through you but does no damage.
There is a gate leading back out of this place, spattered with blood here.
Throw: 4 darts (poison)
Press: ? - help, Q - select action, (/) - cycle Shift-Dir - straight line, f/p - centaur
Aim: a centaur, wielding a +0 halberd, wearing a +0 ring mail and quivering javelins (moderately wounded, 75% to hit)
You throw a poisoned dart. The poisoned dart hits the centaur.
The centaur is poisoned.
The centaur is moderately wounded.
The centaur throws a javelin.
The javelin pierces through you!
* * * LOW HITPOINT WARNING * * *
The centaur throws a javelin.
The javelin pierces through you.
* * * LOW HITPOINT WARNING * * *
The centaur throws a javelin.
The javelin pierces through you.
You die...

#≈............##
#≈...≈≈≈≈≈≈≈≈≈o...##
##≈..≈≈...o(..≈≈≈c⌠.#
##≈≈...c≈≈≈≈≈≈≈o.≈≈..#
##≈≈...≈≈≈.....≈≈≈.≈≈.#
#≈≈⌠..≈≈.)≈≈≈≈≈..≈≈.≈o#
#≈≈$.≈≈.≈≈≈...≈≈≈.≈.≈≈.
#≈$..≈.≈≈..⌠.⌠..≈.≈≈.≈.
#≈...≈.....@∩∩..≈....≈.
#≈$..≈.≈≈..⌠.⌠..≈)≈≈.≈.
#≈≈$.≈≈[≈≈≈...≈≈≈.≈.≈≈.
#≈≈⌠..≈≈..≈≈≈≈≈..≈≈.≈.#
##≈≈...≈≈≈.....≈≈≈.≈≈.#
##≈≈....≈≈≈≈≈≈≈..≈≈..#
##≈..≈≈.ooo...≈≈≈.⌠.#
#≈...≈≈≈≈≈≈≈≈≈c...##
#≈.....o.o....#####


You could see 2 centaurs and 6 orcs.

Vanquished Creatures
  Pikel (D:4)
  Grinder (D:3)
  Sigmund (D:3)
  Duvessa (D:6)
  An orc warrior (D:5)
  A water moccasin (D:5)
  2 black bears
  2 ogres
  4 lemures (D:4)
  2 scorpions
  Dowan (D:6)
  2 howler monkeys
  2 orc priests (D:6)
  A jelly (D:6)
  5 hounds
  Crazy Yiuf (D:3)
  Natasha (twice) (D:4)
  2 iguanas
  2 orc wizards
  9 mummies
  3 adders
  A shadow imp (D:6)
  An ufetubus (D:5)
  2 worms (D:3)
  5 dart slugs
  19 orcs
  6 endoplasms
  2 giant cockroaches (D:3)
  6 goblins
  3 hobgoblins
  11 jackals
  7 kobolds
  8 ball pythons
  9 bats
  A frilled lizard (D:1)
  3 gnoll zombies (Ossuary)
  3 hobgoblin zombies (Ossuary)
  A kobold zombie (Ossuary)
  An orc zombie (Ossuary)
  8 rats
143 creatures vanquished.

Notes
Turn   | Place    | Note
-------+----------+-------------------------------------------
     0 | D:1      | LLlMATKO the Minotaur Berserker began the quest for the
                  | Orb.
     0 | D:1      | Reached XP level 1. HP: 19/19 MP: 0/0
   268 | D:1      | Reached XP level 2. HP: 21/27 MP: 1/1
   514 | D:1      | Found Tiplurohe's Armour Shop.
   686 | D:1      | Reached XP level 3. HP: 31/33 MP: 2/2
  1423 | D:2      | Reached ** piety under Trog
  1424 | D:2      | Reached XP level 4. HP: 39/40 MP: 3/3
  1670 | D:2      | Found a faded altar of an unknown god.
  2189 | D:3      | Reached XP level 5. HP: 34/47 MP: 4/4
  2302 | D:3      | Noticed Grinder
  2312 | D:3      | Killed Grinder
  2313 | D:3      | Reached skill level 5 in Fighting
  2313 | D:3      | Reached skill level 5 in Axes
  2313 | D:3      | Reached XP level 6. HP: 56/56 MP: 5/5
  2378 | D:3      | Noticed Sigmund
  2384 | D:3      | Killed Sigmund
  2473 | D:3      | Found a large runed translucent door.
  2474 | D:3      | Found a large runed translucent door.
  2476 | D:3      | Found a corrupted altar of Lugonu.
  2695 | D:3      | Found a runed translucent door.
  2696 | D:3      | Noticed Crazy Yiuf
  2750 | D:3      | Found a one-way gate to the infinite horrors of the Abyss.
  2991 | D:3      | Killed Crazy Yiuf
  2992 | D:3      | Reached skill level 5 in Armour
  2992 | D:3      | Reached XP level 7. HP: 62/62 MP: 4/6
  3111 | D:4      | Noticed Natasha
  3119 | D:4      | Noticed Pikel
  3120 | D:4      | Killed Natasha
  3333 | D:4      | Killed Pikel
  3334 | D:4      | Reached skill level 5 in Dodging
  3334 | D:4      | Reached XP level 8. HP: 71/71 MP: 7/7
  3565 | D:4      | Noticed Natasha
  3572 | D:4      | Killed Natasha
  3676 | D:4      | Found a glowing golden altar of the Shining One.
  3676 | D:4      | Found a burning altar of Makhleb.
  3835 | D:5      | Entered Level 5 of the Dungeon
  3925 | D:5      | Found Cuvunurch's Magic Scroll Emporium.
  4347 | D:5      | Identified the +0 robe "Huodiuf" {Rampage Dex+4}
  4460 | D:5      | Reached *** piety under Trog
  4555 | D:6      | Noticed Duvessa
  4555 | D:6      | Found Xaxu's Book Shoppe.
  4556 | D:6      | Noticed Dowan
  4620 | D:6      | Killed Duvessa
  4622 | D:6      | Killed Dowan
  4668 | D:6      | Reached XP level 9. HP: 45/81 MP: 8/8
  4687 | D:6      | Found a shadowy altar of Dithmenos.
  4734 | D:6      | Found a sand-covered staircase.
  4743 | Ossuary  | Entered an ossuary
  5643 | D:7      | Found a flagged portal.
  5659 | Bailey   | Entered a bailey
  6422 | Bailey   | HP: 4/81 [centaur/javelin (4)]
  6422 | Bailey   | Hit by a javelin thrown by a centaur

Illustrated notes

Levels and vault maps discovered:
D:1:      noname_arrival_rooms_in_the_neighbourhood, layout_basic, serial_shops,
          shop
D:2:      layout_rooms, hellmonk_ecumenical_altar_run_dry, serial_park_tiny_pond
D:3:      due_chaos_kobolds, layout_rooms, minmay_unequal, uniq_grinder,
          uniq_crazy_yiuf_cottage, uniq_sigmund
D:4:      layout_cave_pools, nicolae_overflow_two_pavilions, uniq_pikel,
          uniq_natasha
D:5:      layout_basic, serial_shops, nicolae_shop_window_shopping,
          mrwooster_statue_mirror, minmay_misc_feat_nine_boxes
D:6:      layout_rooms, kennysheep_mini_moat, serial_shops, shop,
          gup_ossuary_entry_pyramid, chequers_serial_rivers_micro_a,
          kennysheep_diamond, uniq_duvessa
D:7:      layout_loops_ring, lemuel_temple_firewalk_a, enter_bailey_3,
          grunt_ogre_cave
Bailey:   bailey_polearm_flooded_kennysheep, bailey

Skill      XL: |  1  2  3  4  5  6  7  8  9 |
---------------+----------------------------+-----
Axes           | 4 5 6 8 |  8.3
Fighting       | 4 5 6 7 8 |  8.2
Armour         | 3 4 5 6 7 |  7.8
Dodging        | 3 4 5 6 7 |  7.1

Action                   |  1- 3 |  4- 6 |  7- 9 || total
-------------------------+-------+-------+-------++-------
Melee: Hand axe          |    56 |    80 |   218 ||   354
       Headbutt          |    10 |    11 |    40 ||    61
       Punch             |       |     1 |       ||     1
       Halberd           |       |       |     4 ||     4
Throw: Dart              |       |       |    12 ||    12
Invok: Berserk           |     2 |     4 |     5 ||    11
       Trog's Hand       |       |       |     1 ||     1
  Use: Scroll            |       |       |     5 ||     5
Armor: Animal skin       |     6 |       |       ||     6
       Scale mail        |    11 |    31 |    15 ||    57
       Chain mail        |       |       |   139 ||   139
Dodge: Dodged            |    46 |    44 |   157 ||   247
